 Dungeon Crawl Stone Soup version 0.19.1 (webtiles) character file.

16495 sveltemanboy the Bludgeoner (level 12, -21/107 HPs)
             Began as an Ogre Hunter on Nov 27, 2016.
             Was a High Priest of Hepliaklqana.
             Demolished by an orc warrior
             ... wielding a +0 halberd
             ... led by an orc warlord
              (35 damage)
             ... on level 9 of the Dungeon.
             The game lasted 00:43:59 (17286 turns).

sveltemanboy the Bludgeoner (Ogre Hunter)          Turns: 17286, Time: 00:44:00

Health: -21/107    AC:  7    Str: 23    XL:     12   Next: 38%
Magic:  15/15      EV: 15    Int: 14    God:    Hepliaklqana [*****.]
Gold:   374        SH:  3    Dex:  9    Spells: 0 memorised, 11 levels left

rFire  . . .     SeeInvis .     a - +1 giant club
rCold  + . .     Gourm    .     A - +2 robe of Hepliaklqana {*Drain rN+ Int+4}
rNeg   + . .     Faith    .     (shield currently unavailable)
rPois  +         Spirit   .     (helmet restricted)
rElec  .         Reflect  +     m - +1 cloak
rCorr  .         Harm     .     (gloves unavailable)
MR     +....     Clarity  +     (boots unavailable)
Stlth  +.........               y - +3 amulet of reflection
                                K - ring of poison resistance
                                o - +4 ring of evasion

@: about to teleport
A: unfitting armour, reduced essence, clarity, clumsy 1, cold resistance 1, low
mp 1, regeneration 1, screaming 1, tough skin 1
a: Recall Ancestor, Ancestor Identity, Transference, Idealise, Renounce Religion


You were on level 9 of the Dungeon.
You worshipped Hepliaklqana.
Hepliaklqana was extremely pleased with you.
You were not hungry.

You visited 3 branches of the dungeon, and saw 15 of its levels.
You also visited: Ice Cave.

You collected 683 gold pieces.
You spent 309 gold pieces at shops.

Inventory:

Hand Weapons
 a - a +1 giant club (weapon)
 g - a +0 giant spiked club
Missiles
 c - 4 large rocks
 d - a throwing net (quivered)
 u - 4 javelins
 G - 3 poisoned tomahawks
Armour
 m - a +1 cloak (worn)
 A - the +2 robe of Hepliaklqana (worn) {*Drain rN+ Int+4}
   (You found it on level 9 of the Dungeon)

   It affects your intelligence (+4).
   It protects you from negative energy.
   It causes draining when unequipped.
Jewellery
 h - an uncursed ring of flight
 o - a +4 ring of evasion (left hand)
 y - a +3 amulet of reflection (around neck)
 K - a ring of poison resistance (right hand)
 M - an uncursed ring of resist corrosion
Wands
 n - a wand of lightning (8/15)
 s - a wand of polymorph (17/24)
 t - a wand of slowing (30/48)
 D - a wand of confusion (12/48)
 H - a wand of polymorph (8/24)
 O - a wand of lightning (1/15)
Scrolls
 i - 3 scrolls of fog
 j - 3 scrolls of recharging
 k - 3 scrolls of teleportation
 l - a scroll of enchant armour
 p - 3 scrolls of enchant weapon
 v - a scroll of blinking
 w - 5 scrolls of remove curse
 I - 2 scrolls of magic mapping
 P - 4 scrolls of identify
Potions
 b - 6 potions of curing
 e - 2 potions of haste
 q - a potion of flight
 x - a potion of agility
 z - a potion of might
 J - 2 potions of heal wounds
 N - a potion of brilliance
Comestibles
 f - 6 bread rations
 r - 3 beef jerkies
 B - 8 slices of pizza
 C - 33 fruits
 E - 2 royal jellies
 L - 4 meat rations


   Skills:
 - Level 8.0 Fighting
 * Level 19.2 Maces & Flails
 - Level 4.4 Throwing
 + Level 3.7 Armour
 + Level 5.3 Dodging
 - Level 0.6 Stealth
 - Level 7.0 Invocations


You had 11 spell levels left.
You didn't know any spells.

Dungeon Overview and Level Annotations

Branches:
Dungeon (12/15)            Temple (0/1) D:5            Lair (2/6) D:8
  Snake (0/4) Lair:2          Orc (1/2) D:9
  Swamp: Lair:2-4    Shoals: Lair:2-4

Altars:
Ashenzari
Cheibriados
Elyvilon
Gozag
Hepliaklqana
Makhleb
Ru
Sif Muna
Trog
Vehumet
Yredelemnul
The Shining One

Shops:
D:6 ?   D:8 *

Annotations:
D:2 Sigmund


Innate Abilities, Weirdness & Mutations

You are too large for most types of armour.
You have tough skin. (AC +1)
Your life essence is reduced. (-10% HP)
You possess an exceptional clarity of mind.
You are clumsy. (Dex -2)
Your flesh is cold resistant. (rC+)
Your magical capacity is low. (-10% MP)
Your natural rate of healing is unusually fast.
You occasionally shout uncontrollably at your foes.


Message History

There is a staircase to the Orcish Mines, spattered with blood here.
You see here 2 arrows.
You sock the orc warlord!
The orc warlord is lightly wounded.
The orc warrior hits you with a halberd!
Tiberia barely misses the orc warlord.
The orc warrior hits you with a halberd!!
Items here: ( )) [[[ Tiberia hits the orc warlord but does no damage.
Tiberia drains the orc warlord!
The orc warrior hits you from afar with a halberd!
* * * LOW HITPOINT WARNING * * *
As you read the scroll of teleportation, it crumbles to dust.
You feel strangely unstable.
The orc warlord hits you with a war axe of venom!
* * * LOW HITPOINT WARNING * * *
The orc warlord hits Tiberia with a war axe of venom!
Tiberia hits the orc warlord but does no damage.
The orc warrior hits you from afar with a halberd!!
You die...

##.###.....##..........[....##
#.####R#..##...####..........
#......#..##...........[..###
########.......#.##..........
#.#######.#.##.#.............
#.......................#.#.#
##.####...[#....###..##..#....
#...........(...#.............
######..).)..@....##.##..#.#..
#.....o[o...........#.#..
#....#.>R................
#....#[[)...........#.##.
######....#....[..............
#............#......(...##....
###.####...#.......≈≈.#.......
#.####...#........[)...#....
#........#......).≈....##...


You could see the friendly Tiberia the hexer, an orc warlord and an orc warrior.

Vanquished Creatures
  A centaur warrior (D:9)
  Nergalle (D:11)
  A hill giant (D:11)
  2 ugly things (D:11)
  A manticore (D:12)
  A spiny frog (Lair:1)
  2 komodo dragons
  A troll (D:9)
  2 hornets
  2 two-headed ogres
  2 hippogriffs (Lair:2)
  A wraith (D:11)
  Eustachio (D:4)
  6 yaks
  2 hungry ghosts
  A steam dragon (D:8)
  A warg (D:9)
  A soldier ant (D:11)
  4 nagas (Lair:2)
  5 water moccasins
  4 porcupines
  7 orc warriors
  A sky beast (D:9)
  A phantom (D:4)
  4 ogres
  3 wolves (Lair:2)
  7 centaurs
  4 crocodiles
  A big kobold (D:12)
  9 bullfrogs
  A water moccasin skeleton (D:3)
  5 scorpions
  6 howler monkeys
  3 wights (D:12)
  5 crimson imps
  2 bullfrog zombies
  A quasit (D:8)
  A centaur zombie (D:5)
  2 jellies
  3 centaur skeletons
  6 hounds
  6 orc priests
  2 bullfrog skeletons
  4 iguanas (D:8)
  8 orc wizards
  Jessica (D:2)
  A hell rat (Lair:1)
  10 worker ants
  Terence (D:2)
  A killer bee zombie (D:5)
  A wolf simulacrum (IceCv)
  2 hound zombies
  2 hound skeletons
  A worker ant zombie (D:11)
  Robin (D:2)
  9 adders
  4 gnolls (D:8)
  2 river rats (Lair:1)
  3 shadow imps
  An ooze (D:1)
  An adder zombie (D:9)
  3 adder skeletons
  3 worms
  A dart slug (D:4)
  5 leopard geckos
  36 orcs
  2 ball pythons
  9 bats
  8 giant cockroaches
  15 goblins
  11 hobgoblins
  12 jackals
  5 quokkas
  A ball python skeleton (D:4)
  3 frilled lizards
  A jackal skeleton (D:4)
  10 kobolds
  2 quokka skeletons
  11 rats
313 creatures vanquished.

Vanquished Creatures (collateral kills)
  2 spiny frogs
  A komodo dragon (Lair:2)
  3 hippogriffs
  A yak (Lair:1)
  A soldier ant (D:10)
  A porcupine (Lair:1)
  An ogre (D:8)
  2 centaurs (D:11)
  A crocodile (D:8)
  A gnoll sergeant (D:8)
  2 bullfrogs
  2 scorpions
  A wight (D:12)
  4 howler monkeys
  2 crimson imps
  A quasit (D:9)
  3 orc priests
  2 centaur skeletons
  An iguana (D:8)
  3 orc wizards
  2 worker ants
  2 adders
  A shadow imp (D:10)
  A leopard gecko (D:5)
  10 orcs
  A giant cockroach (D:4)
  A quokka (D:4)
  A frilled lizard (D:4)
  4 rats (Lair:1)
58 creatures vanquished.

Vanquished Creatures (others)
  6 hexers
  A fungus (Lair:2)
7 creatures vanquished.

Grand Total: 378 creatures vanquished

Notes
Turn   | Place    | Note
-------+----------+-------------------------------------------
     0 | D:1      | sveltemanboy the Ogre Hunter began the quest for the Orb.
     0 | D:1      | Reached XP level 1. HP: 22/22 MP: 1/1
   379 | D:1      | Reached XP level 2. HP: 29/29 MP: 2/2
   916 | D:1      | Reached skill level 1 in Maces & Flails
   916 | D:1      | Reached XP level 3. HP: 36/37 MP: 3/3
  1223 | D:2      | Noticed Terence
  1502 | D:2      | Found a deep blue altar of Sif Muna.
  1616 | D:2      | Noticed Robin
  1640 | D:2      | Killed Robin
  1640 | D:2      | Reached skill level 2 in Maces & Flails
  1643 | D:2      | Killed Terence
  1643 | D:2      | Reached skill level 3 in Maces & Flails
  1643 | D:2      | Reached XP level 4. HP: 30/45 MP: 4/4
  1674 | D:2      | Noticed Jessica
  1684 | D:2      | Killed Jessica
  1704 | D:2      | Reached XP level 5. HP: 34/53 MP: 5/5
  1953 | D:2      | Noticed Sigmund
  2242 | D:2      | Reached skill level 4 in Maces & Flails
  3104 | D:3      | Reached skill level 5 in Maces & Flails
  3229 | D:3      | Found a radiant altar of Vehumet.
  3267 | D:3      | Reached XP level 6. HP: 58/61 MP: 6/6
  3465 | D:3      | Found a burning altar of Makhleb.
  3593 | D:3      | Reached skill level 6 in Maces & Flails
  3942 | D:4      | Noticed a phantom
  3963 | D:4      | Killed a phantom
  4033 | D:4      | Gained mutation: You are occasionally teleported next to monsters. [potion of mutation]
  4033 | D:4      | Gained mutation: Your body sometimes deteriorates upon taking damage. [potion of mutation]
  4033 | D:4      | Gained mutation: You are clumsy. (Dex -2) [potion of mutation]
  4034 | D:4      | Lost mutation: Your body sometimes deteriorates upon taking damage. [potion of cure mutation]
  4034 | D:4      | Lost mutation: You are clumsy. (Dex -2) [potion of cure mutation]
  4034 | D:4      | Lost mutation: You are occasionally teleported next to monsters. [potion of cure mutation]
  4036 | D:4      | Reached XP level 7. HP: 23/67 MP: 7/7
  4177 | D:4      | Reached skill level 7 in Maces & Flails
  4232 | D:4      | Noticed Eustachio
  4232 | D:4      | Found a hazy altar of Hepliaklqana.
  4265 | D:4      | Became a worshipper of Hepliaklqana the Forgotten
  4273 | D:4      | Killed Eustachio
  4273 | D:4      | Reached skill level 8 in Maces & Flails
  4457 | D:4      | Found a white marble altar of Elyvilon.
  4483 | D:4      | Found a bloodstained altar of Trog.
  4841 | D:4      | Reached XP level 8. HP: 67/67 MP: 8/8
  5147 | D:4      | Reached skill level 9 in Maces & Flails
  5289 | D:4      | Reached skill level 5 in Dodging
  5422 | D:5      | Entered Level 5 of the Dungeon
  5429 | D:5      | Found an opulent altar of Gozag.
  5556 | D:5      | Reached skill level 10 in Maces & Flails
  5646 | D:5      | Found a shattered altar of Ashenzari.
  5763 | D:5      | Reached * piety under Hepliaklqana
  5807 | D:5      | Found a staircase to the Ecumenical Temple.
  6183 | D:5      | Noticed a hippogriff
  6194 | D:5      | Killed a hippogriff
  6194 | D:5      | Reached skill level 11 in Maces & Flails
  6477 | D:6      | Found Ymips's Magic Scroll Emporium.
  6496 | D:6      | Bought a scroll of noise for 14 gold pieces
  6496 | D:6      | Bought a scroll of teleportation for 42 gold pieces
  6496 | D:6      | Bought a scroll of magic mapping for 49 gold pieces
  6496 | D:6      | Bought a scroll of identify for 28 gold pieces
  6627 | D:6      | Reached skill level 12 in Maces & Flails
  6634 | D:6      | Reached XP level 9. HP: 62/72 MP: 9/9
  6670 | D:6      | Found a sacrificial altar of Ru.
  7033 | D:6      | Found a basalt altar of Yredelemnul.
  7111 | D:7      | Found a snail-covered altar of Cheibriados.
  7187 | D:7      | Reached skill level 1 in Invocations
  7208 | D:7      | Reached ** piety under Hepliaklqana
  7209 | D:7      | Remembered your ancestor Tiberia as a hexer
  7258 | D:7      | Reached skill level 13 in Maces & Flails
  7648 | D:7      | Found a glowing golden altar of the Shining One.
  8155 | D:8      | Found Muotu Veuse's Assorted Antiques.
  8163 | D:8      | Bought a red potion for 18 gold pieces
  8163 | D:8      | Bought a scroll labeled URHYFAAMUSE for 21 gold pieces
  8163 | D:8      | Bought a sheer robe for 119 gold pieces
  8163 | D:8      | Bought an amethyst potion for 18 gold pieces
  8173 | D:8      | Identified the +2 robe of Sunlight {rC+ rCorr Stlth+} (You bought it in a shop on level 8 of the Dungeon)
  8268 | D:8      | Reached skill level 14 in Maces & Flails
  8825 | D:8      | Noticed a komodo dragon
  8844 | D:8      | Killed a komodo dragon
  8844 | D:8      | Reached XP level 10. HP: 12/81 MP: 13/13
  9194 | D:8      | Found a staircase to the Lair.
  9249 | D:8      | Reached skill level 5 in Invocations
  9378 | D:8      | Reached skill level 15 in Maces & Flails
  9851 | D:9      | Noticed a centaur warrior
  9863 | D:9      | Killed a centaur warrior
 10014 | D:9      | Found a staircase to the Orcish Mines.
 10024 | D:9      | Reached *** piety under Hepliaklqana
 10061 | D:9      | Reached skill level 16 in Maces & Flails
 10733 | D:9      | Got a bloodstained robe
 10744 | D:9      | Identified the +2 robe of Hepliaklqana {*Drain rN+ Int+4} (You found it on level 9 of the Dungeon)
 10745 | D:9      | Found a sacrificial altar of Ru.
 10996 | D:9      | Reached XP level 11. HP: 87/87 MP: 16/16
 11013 | D:10     | Entered Level 10 of the Dungeon
 11021 | D:10     | Reached skill level 1 in Armour
 11469 | D:10     | Reached skill level 17 in Maces & Flails
 11693 | D:10     | Reached **** piety under Hepliaklqana
 11840 | D:10     | Found Kairoeps's Gadget Emporium.
 12073 | D:11     | Noticed Nergalle
 12087 | D:11     | Killed Nergalle
 12186 | D:11     | Noticed a brown ugly thing
 12203 | D:11     | Killed a brown ugly thing
 12283 | D:11     | Found a frozen archway.
 12289 | D:11     | Noticed a hill giant
 12302 | D:11     | Killed a hill giant
 12313 | IceCv    | Entered an ice cave
 12769 | D:11     | Gained mutation: Your spells are a little easier to cast, but a little less powerful. [potion of mutation]
 12769 | D:11     | Gained mutation: Your flesh is cold resistant. (rC+) [potion of mutation]
 12769 | D:11     | Gained mutation: Your magical capacity is low. (-10% MP) [potion of mutation]
 12794 | D:11     | Identified a scroll of acquirement
 12810 | D:11     | Reached skill level 5 in Fighting
 13084 | D:11     | Noticed a purple ugly thing
 13092 | D:11     | Killed a purple ugly thing
 13097 | D:11     | Lost mutation: Your spells are a little easier to cast, but a little less powerful. [mutagenic meat]
 13098 | D:11     | Gained mutation: You are clumsy. (Dex -2) [mutagenic meat]
 13099 | D:11     | Gained mutation: You possess an exceptional clarity of mind. [mutagenic meat]
 13250 | D:12     | Noticed a manticore
 13264 | D:12     | Killed a manticore
 13577 | D:12     | Reached ***** piety under Hepliaklqana
 13592 | D:12     | Noticed a phantasmal warrior
 13593 | D:12     | Noticed a phantasmal warrior
 13600 | D:12     | Noticed a death knight
 14103 | Lair:1   | Entered Level 1 of the Lair of Beasts
 14241 | Lair:1   | Reached skill level 18 in Maces & Flails
 15042 | Lair:2   | Reached XP level 12. HP: 63/106 MP: 15/15
 15109 | Lair:2   | Found a staircase to the Snake Pit.
 15756 | Lair:2   | Gained mutation: Your natural rate of healing is unusually fast. [potion of mutation]
 15756 | Lair:2   | Gained mutation: You occasionally shout uncontrollably at your foes. [potion of mutation]
 15971 | Lair:2   | Reached skill level 19 in Maces & Flails
 16460 | Orc:1    | Entered Level 1 of the Orcish Mines
 16460 | Orc:1    | Noticed an orc warlord
 17286 | D:9      | Demolished by an orc warrior

Skill      XL: |  1  2  3  4  5  6  7  8  9 10 11 12 |
---------------+-------------------------------------+-----
Dodging        | 2 3 4 5 |  5.3
Fighting       | 3 7 8 |  8.0
Maces & Flails | 1 3 5 6 8 12 14 16 18 19 | 19.2
Invocations    | 4 7 |  7.0
Armour         | 3 |  3.7
Throwing       | |  4.4
Stealth        | |  0.6

Action                   |  1- 3 |  4- 6 |  7- 9 | 10-12 || total
-------------------------+-------+-------+-------+-------++-------
Melee: Short sword       |    54 |       |       |       ||    54
       Whip              |   109 |   114 |       |       ||   223
       Unarmed           |     6 |     6 |       |       ||    12
       Flail             |       |   148 |   223 |       ||   371
       Giant club        |       |       |   171 |   506 ||   677
Throw: Large rock        |       |    15 |     1 |     1 ||    17
       Tomahawk          |       |       |       |    19 ||    19
       Throwing net      |       |       |       |     1 ||     1
Invok: Ancestor Life: He |       |       |     1 |       ||     1
       Recall Ancestor   |       |       |       |     2 ||     2
Evoke: Wand              |       |       |       |     1 ||     1
  Use: Potion            |     1 |     5 |       |     9 ||    15
       Scroll            |       |       |    11 |     8 ||    19
 Stab: Sleeping          |     2 |       |     3 |     2 ||     7
       Distracted        |       |       |     5 |     4 ||     9
       Confused          |       |       |       |     1 ||     1
  Eat: Chunk             |     2 |     8 |    17 |    28 ||    55
       Fruit             |       |       |     1 |     1 ||     2
Armor: Robe              |    44 |    42 |    58 |    77 ||   221
       Skin              |    13 |       |       |       ||    13
Dodge: Dodged            |    86 |   231 |   256 |   294 ||   867
Block: Other             |       |       |       |    45 ||    45
       Reflection        |       |       |       |     3 ||     3
